 Dungeon Crawl Stone Soup version 0.27-a0-1529-g1e82c303ef (webtiles) character file.

Game seed: 7860020345910831657

86 Demosthentine the Poker (level 4, 0/35 HPs)
             Began as a Merfolk Gladiator on July 12, 2021.
             Killed from afar by Sigmund (5 damage)
             ... with a magic dart
             ... on level 2 of the Dungeon.
             The game lasted 00:01:47 (1862 turns).

Demosthentine the Poker (Merfolk Gladiator)         Turns: 1862, Time: 00:01:48

Health: 0/35       AC:  6    Str: 15    XL:     4   Next: 49%
Magic:  4/4        EV: 13    Int:  7    God:
Gold:   85         SH:  0    Dex: 15    Spells: 3/3 levels left

rFire    . . .     SeeInvis .   a - +1 trident
rCold    . . .     Faith    .   (no shield)
rNeg     . . .     Spirit   .   b - +0 leather armour
rPois    .         Reflect  .   c - +0 helmet
rElec    .         Harm     .   (no cloak)
rCorr    .         Rampage  .   f - +1 pair of gloves
Will     .....                  (no boots)
Stlth    +.........             h - amulet of the acrobat
HPRegen  0.11/turn              (no ring)
MPRegen  0.09/turn              (no ring)

@: mighty
A: (nimble swimmer 2), mertail
a: no special abilities


You were on level 2 of the Dungeon.
You visited 1 branch of the dungeon, and saw 2 of its levels.

You collected 85 gold pieces.

Inventory:

Hand Weapons
 a - a +1 trident (weapon)
Missiles
 d - a throwing net (quivered)
Armour
 b - a +0 leather armour (worn)
 c - a +0 helmet (worn)
 f - a +1 pair of gloves (worn)
Jewellery
 h - an amulet of the acrobat (around neck)
Scrolls
 i - a scroll of identify {unknown}
Potions
 e - a potion of might
 g - a potion of brilliance {unknown}


   Skills:
 + Level 3.1 Fighting
 + Level 5.3 Polearms
 - Level 2.0 Throwing
 + Level 1.2 Armour
 + Level 4.8 Dodging


You had 3 spell levels left.
You didn't know any spells.
Your spell library was empty.

Dungeon Overview and Level Annotations

Branches:
Dungeon (2/15)

Altars:
Ashenzari

Shops:
D:2 [

Annotations:
D:2 Sigmund


Innate Abilities, Weirdness & Mutations

((You are quick and stealthy near water. (Stealth+, EV+, Speed+++)))
Your lower body shifts to a powerful aquatic tail in water.


Message History

Sigmund is almost dead.
Sigmund flickers, as though insubstantial.
Sigmund struggles against the net.
Reach: a) +1 trident
Press: ? - help, Dir - move target, f/p - Sigmund
Aim: Sigmund, wielding a +3 scythe and wearing a +0 robe (almost dead, entangled in a net, about 10% to evade your +1 trident)
You reach to attack!
You hit Sigmund.
Sigmund is almost dead.
Sigmund struggles against the net.
The net rips apart, and Sigmund comes free!
Reach: a) +1 trident
Press: ? - help, Dir - move target, f/p - Sigmund
Aim: Sigmund, wielding a +3 scythe and wearing a +0 robe (almost dead, about 42% to evade your +1 trident)
You reach to attack!
You closely miss Sigmund.
Sigmund is almost dead.
Sigmund barely misses you.
Reach: a) +1 trident
Press: ? - help, Dir - move target, f/p - Sigmund
Aim: Sigmund, wielding a +3 scythe and wearing a +0 robe (almost dead, about 42% to evade your +1 trident)
You reach to attack!
You closely miss Sigmund.
Sigmund is almost dead.
Sigmund completely misses you.
Reach: a) +1 trident
Press: ? - help, Dir - move target, f/p - Sigmund
Aim: Sigmund, wielding a +3 scythe and wearing a +0 robe (almost dead, about 42% to evade your +1 trident)
You reach to attack!
You barely miss Sigmund.
Sigmund is almost dead.
Sigmund barely misses you.
Reach: a) +1 trident
Press: ? - help, Dir - move target, f/p - Sigmund
Aim: Sigmund, wielding a +3 scythe and wearing a +0 robe (almost dead, about 42% to evade your +1 trident)
You reach to attack!
You hit Sigmund but do no damage.
Sigmund is almost dead.
Sigmund hits you from afar with a +3 scythe!
* * * LOW HITPOINT WARNING * * *
It was a potion of might.
You feel very mighty all of a sudden. Sigmund gestures at you while chanting.
The magic dart hits you.
You die...

#....####
..##########
.>..........
..########.## .....
#... ##....# ####
.@...[# ###...#
#### #.@†..+ #...
#.#...# #.##
#.#...# #.#
#.#...##########.#
#.#...##.......#.##
#.#...##...........
#.######...........
#..................
########...........


You could see Sigmund.

Vanquished Creatures
  4 adders (D:2)
  A worm (D:2)
  4 dart slugs
  3 ball pythons (D:2)
  2 endoplasms (D:2)
  3 goblins
  2 hobgoblins (D:1)
  4 jackals (D:2)
  5 kobolds
  3 quokkas
  2 bats (D:2)
  A frilled lizard (D:2)
  4 rats
38 creatures vanquished.

Notes
Turn   | Place    | Note
-------+----------+-------------------------------------------
     0 | D:1      | Demosthentine the Merfolk Gladiator began the quest for the
                  | Orb.
     0 | D:1      | Reached XP level 1. HP: 16/16 MP: 1/1
    36 | D:1      | You fall into a shaft and drop 1 floor!
    39 | D:2      | Reached XP level 2. HP: 23/23 MP: 2/2
   128 | D:2      | Found a faded altar of an unknown god.
   296 | D:2      | Reached XP level 3. HP: 13/28 MP: 3/3
   506 | D:2      | Found a broken altar of Ashenzari.
   569 | D:2      | Reached skill level 5 in Polearms
   704 | D:2      | Reached skill level 1 in Armour
   775 | D:2      | Reached XP level 4. HP: 31/34 MP: 4/4
   830 | D:2      | Found Ereer's Antique Armour Shop.
  1844 | D:2      | Noticed Sigmund
  1862 | D:2      | Killed from afar by Sigmund

Illustrated notes

Levels and vault maps discovered:
D:1:      dpeg_arrival_castle, layout_loops_ring
D:2:      layout_basic, serial_shops, nicolae_shop_statue_plus, basic_altar,
          hellmonk_ecumenical_altar_inner_sanctum, uniq_sigmund

Skill      XL: |  1  2  3  4 |
---------------+-------------+-----
Polearms       | 5 |  5.3
Armour         | 1 |  1.2
Fighting       | 3 |  3.1
Throwing       | |  2.0
Dodging        | |  4.8

Action                   |  1- 3 |  4- 6 || total
-------------------------+-------+-------++-------
Melee: Trident           |    66 |    63 ||   129
Throw: Throwing net      |       |     2 ||     2
  Use: Scroll            |       |     2 ||     2
       Potion            |       |     1 ||     1
 Stab: Sleeping          |     1 |     1 ||     2
       Distracted        |     1 |       ||     1
       Held in net/web   |       |     2 ||     2
Armor: Leather armour    |    17 |    11 ||    28
Dodge: Dodged            |    44 |    29 ||    73

Table legend: (Time is in decaauts)
 A = Elapsed time spent in this place.
 B = Non-inter-level travel time spent in this place.
 C = Inter-level travel time spent in this place.
 D = Time resting spent in this place.
 E = Time spent auto-exploring this place.
 F = Levels seen in this place.
 G = Mean time per level.
                   A        B        C        D        E       F      G
               +--------+--------+--------+--------+--------+-----+--------+
         Total |   1840 |   1815 |     25 |      0 |   1550 |   2 |  920.0 |
       Dungeon |   1840 |   1815 |     25 |      0 |   1550 |   2 |  920.0 |
               +--------+--------+--------+--------+--------+-----+--------+

Top non-repeatable levels by time:
     D:2: 1117 daAuts
     D:1: 723 daAuts
